 Dungeon Crawl Stone Soup version 0.31-a0-934-gf4fcaacff8 (webtiles) character file.

Game seed: 9192572174603869808

178122 Gladio the Fencer (level 17, -6/158 HPs)
             Began as a Demigod Gladiator on Oct 20, 2023.
             Mangled by an anaconda (8 damage)
             ... on level 4 of the Snake Pit.
             The game lasted 01:05:30 (29212 turns).

Gladio the Fencer (Demigod Gladiator)              Turns: 29212, Time: 01:05:34

Health: -6/158     AC: 24    Str: 15    XL:     17   Next: 1%
Magic:  11/11      EV: 32    Int: 15    God:
Gold:   983        SH: 20    Dex: 44    Spells: 16/16 levels left

rFire   . . .        T - +9 double sword (flame)
rCold   . . .        Z - +2 kite shield {reflect}
rNeg    + . .        I - +6 scale mail of the Okapi {rN+ MP-9 Int+5}
rPois   +            c - +0 helmet
rElec   .            O - +2 cloak {rPois}
rCorr   .            r - +2 pair of gloves {Dex+3}
SInv    .            q - +1 pair of boots {Stlth+}
Will    +....        C - amulet of regeneration
Stlth   +++          D - +5 ring of evasion
HPRegen 1.26/turn    E - +6 ring of dexterity
MPRegen 0.12/turn

%: random rage (3%), reflection
@: lethally poisoned (-6 -> -10), weakened, untranslocatable, on berserk
cooldown, slowed, studying Shields, very slow
A: high MP 1, forlorn, divine attributes, berserk 1
a: no special abilities


You were on level 4 of the Snake Pit.
You visited 4 branches of the dungeon, and saw 26 of its levels.
You visited the Abyss 1 time.
You also visited: Gauntlet and Ice Cave.

You collected 3403 gold pieces.
You spent 2420 gold pieces at shops.

Inventory:

Hand Weapons
 T - a +9 double sword of flaming (weapon)
Missiles
 b - 4 curare-tipped darts
 d - 6 throwing nets
 e - 23 javelins (quivered)
 v - 22 boomerangs
 H - 5 atropa-tipped darts
 L - 26 poisoned darts
Armour
 c - a +0 helmet (worn)
 p - a +2 cloak of cold resistance
 q - a +1 pair of boots of stealth (worn)
 r - a +2 pair of gloves of dexterity (worn)
 z - the +0 kite shield of Donoli {Slay+2}
   (You took it off Donald on level 1 of the Orcish Mines)

   Slay+2:    It affects your accuracy & damage with ranged weapons and melee
   (+2).
 I - the +6 scale mail of the Okapi (worn) {rN+ MP-9 Int+5}
   (You found it on level 7 of the Dungeon)

   Int+5:     It affects your intelligence (+5).
   rN+:       It protects you from negative energy.
   MP-9:      It affects your magic capacity (-9).
 O - a +2 cloak of poison resistance (worn)
 Q - a scarf of resistance
 Z - a +2 kite shield of reflection (worn)
Jewellery
 g - a ring of protection from cold
 B - a ring of protection from cold
 C - an amulet of regeneration (around neck)
 D - a +5 ring of evasion (left hand)
 E - a +6 ring of dexterity (right hand)
 G - a ring of willpower
Wands
 x - a wand of flame (78)
 y - a wand of paralysis (41)
 K - a wand of quicksilver (15)
 N - a wand of iceblast (29)
 R - a wand of polymorph (9)
Scrolls
 f - 12 scrolls of teleportation
 l - 2 scrolls of silence
 n - 5 scrolls of immolation
 u - 2 scrolls of identify
 w - 5 scrolls of enchant armour
 A - 2 scrolls of blinking
 F - 2 scrolls of acquirement
 J - 2 scrolls of butterflies
 S - 3 scrolls of poison
 V - 3 scrolls of fog
 W - 2 scrolls of revelation
 Y - 7 scrolls of fear
Potions
 a - a potion of magic
 h - 13 potions of curing
 i - 8 potions of might
 j - a potion of ambrosia
 k - a potion of invisibility
 m - 3 potions of cancellation
 o - 2 potions of resistance
 s - 6 potions of mutation
 t - 4 potions of haste
 M - 3 potions of attraction
 U - 6 potions of heal wounds
Miscellaneous
 P - a box of beasts


   Skills:
 * Level 16.0 Fighting
 - Level 16.0 Long Blades
 + Level 8.2 Throwing
 + Level 8.3 Armour
 + Level 14.5 Dodging
 + Level 12.0 Shields


You had 16 spell levels left.
You didn't know any spells.
Your spell library contained the following spells:

 Spells                   Type           Power      Damage    Failure   Level
 Apportation              Tloc           0%         N/A       87%         1
 Foxfire                  Conj/Fire      0%         2x1d4     87%         1
 Sting                    Tmut/Pois      0%         1d3       87%         1
 Blink                    Tloc           0%         N/A       95%         2
 Ensorcelled Hibernation  Hex/Ice        0%         N/A       95%         2
 Jinxbite                 Hex            0%         N/A       95%         2
 Lesser Beckoning         Tloc           0%         N/A       95%         2
 Passwall                 Tmut/Erth      0%         N/A       95%         2
 Poisonous Vapours        Pois/Air       0%         N/A       95%         2
 Static Discharge         Conj/Air       0%         2-2/arc   95%         2
 Dazzling Flash           Conj/Hex       0%         N/A       99%         3
 Frozen Ramparts          Ice            0%         1d1       99%         3
 Gell's Gravitas          Tloc           0%         N/A       99%         3
 Stone Arrow              Conj/Erth      0%         3d7       99%         3
 Summon Guardian Golem    Hex/Summ       0%         N/A       99%         3
 Swiftness                Air            0%         N/A       99%         3
 Teleport Other           Tloc           0%         N/A       99%         3
 Volatile Blastmotes      Fire/Tloc      0%         2d10      99%         3
 Airstrike                Air            0%         2d(0-16)  100%        4
 Brom's Barrelling Bould  Conj/Erth      0%         2d3       100%        4
 Manifold Assault         Tloc           0%         N/A       100%        4
 Olgreb's Toxic Radiance  Pois           0%         N/A       100%        4
 Petrify                  Tmut/Erth      0%         N/A       100%        4
 Summon Ice Beast         Ice/Summ       0%         N/A       100%        4
 Summon Lightning Spire   Summ/Air       0%         N/A       100%        4
 Alistair's Intoxication  Tmut/Pois      0%         N/A       100%        5
 Iskenderun's Battlesphe  Conj           0%         2d6       100%        5
 Metabolic Englaciation   Hex/Ice        0%         N/A       100%        5
 Summon Mana Viper        Hex/Summ       0%         N/A       100%        5
 Bombard                  Conj/Erth      0%         9d1       100%        6
 Plasma Beam              Fire/Air       0%         2x1d10    100%        6
 Starburst                Conj/Fire      0%         6d3       100%        6
 Monstrous Menagerie      Summ           0%         N/A       100%        7
 Orb of Destruction       Conj           0%         9d5       100%        7
 Spellforged Servitor     Conj/Summ      0%         N/A       100%        7
 Maxwell's Capacitive Co  Air            0%         ∞         100%        8
 Shatter                  Erth           0%         3d5*      100%        9


Dungeon Overview and Level Annotations

Branches:
Dungeon (15/15)            Temple (0/1) D:7            Lair (5/5) D:9
  Swamp (0/4) Lair:2        Snake (4/4) Lair:2        Slime (0/5) Lair:4
    Orc (2/2) D:11            Elf (0/3) Orc:2        Vaults (0/5) D:13
 Depths (0/4) D:15          IceCv (visited)         Gauntlet (visited)

Shops:
D:15 !**   Orc:2 ([*:   Snake:1 *   Snake:3 ?=:=   Snake:4 (

Annotations:
D:8 Jeremiah
D:9 Gastronok
D:12 3 runed translucent doors, Ecsu's ghost, journeyman TrFi
Snake:4 1 exclusion


Innate Abilities, Weirdness & Mutations

You have an increased reservoir of magic. (+10% MP)
You shall have no god before yourself.
Your divine heritage dramatically boosts your attributes as you level up.
You sometimes lose your temper in combat.


Message History

The anaconda closely misses you.
The anaconda bites you but does no damage.
You block the salamander's attack. The salamander mystic misses you.
You hear a shout!
You barely miss the salamander mystic.
The salamander mystic is heavily wounded.
You feel sick. You block the anaconda's attack. x2
The nagaraja points at you and mumbles some strange words.
The bolt of poison hits you.
You are more poisoned.
You resist.
* * * LOW HITPOINT WARNING * * *
The anaconda completely misses you. The anaconda misses you.
You slice the salamander mystic!!
The salamander mystic is almost dead.
* * * LOW HITPOINT WARNING * * *
You feel sick. You block the anaconda's attack.
The anaconda completely misses you.
You block the salamander mystic's attack.
You block the salamander's attack.
A naga sharpshooter comes into view. It is wielding a +0 mace.
The nagaraja casts a spell at you. The poison arrow misses you.
You barely miss the salamander mystic.
The salamander mystic is almost dead.
* * * LOW HITPOINT WARNING * * *
You feel sick. You block the anaconda's attack. x2
The nagaraja hits you with a +0 flail.
* * * LOW HITPOINT WARNING * * *
You block the nagaraja's attack. The anaconda closely misses you.
The anaconda completely misses you. The salamander completely misses you.
The salamander mystic completely misses you.
You slash the salamander mystic!
You kill the salamander mystic!
You are no longer berserk.
You are exhausted.
You feel yourself slow down.
* * * LOW HITPOINT WARNING * * *
You feel sick. You block the anaconda's attack. The anaconda bites you!
You die...

.#.......#...'......#....#.......
.#.......#...#......#....#.......
.#.......#...#......#..))'.......
.#.......#...#......#....########
.#.......#...#......#............
.#.......#..)#......#............
.#.......'..........'...8.8......
.#.......#.###.NS)..#....∩...####
.#.........#⌠#.N@####...8.8.##,,#
.#.......###.###)#..........#,,,,
.#.......#⌠..NN#.N..........#,,,,
.#.....###.....###..........#,,,,
.#.....#⌠(..<...S#..........#,,*,
.#.....###....)###..........#,,*,
.#####...#⌠...⌠#.N.....?N...#,,*,
.........###.###..............,*,
...####....#⌠#................,*,


You could see a nagaraja (fast), a naga sharpshooter, a salamander mystic, a
salamander, an anaconda (fast), a black mamba and 2 nagas.

Vanquished Creatures
  Saint Roka (Orc:1)
  An Executioner (Abyss:3)
  Agnes (Snake:1)
  Donald (Orc:1)
  A revenant (Abyss:3)
  Aizul (Snake:1)
  5 nagarajas
  Louise (Snake:1)
  An orc warlord (D:11)
  A reaper (IceCv)
  An ironbound thunderhulk (D:13)
  The ghost of Foiz Zao the Brawler, a journeyman DrMo of Yredelemnul (D:15)
  A minotaur (Gauntlet)
  A dire elephant (Lair:5)
  Josephine (Snake:1)
  A yaktaur captain (D:15)
  Erolcha (D:11)
  2 vault guards (D:13)
  5 hydras
  An ogre mage (D:15)
  11 anacondas
  A ghost crab (Gauntlet)
  3 two-headed ogres
  A catoblepas (Lair:5)
  A salamander tyrant (Snake:4)
  8 centaur warriors
  A deep troll earth mage (D:15)
  A deep troll shaman (Lair:5)
  8 boulder beetles
  11 death yaks
  A dancing weapon (D:15)
  18 naga warriors
  3 tengu warriors
  Urug (D:10)
  An orc high priest (Orc:2)
  11 naga sharpshooters
  5 shock serpents
  Sonja (Lair:3)
  4 skeletal warriors
  Amaemon (D:11)
  5 salamander mystics
  3 skysharks
  6 naga ritualists
  Pikel (D:8)
  An occultist (D:15)
  12 ugly things
  5 deep elf pyromancers
  6 orc knights
  11 mana vipers
  6 manticores
  2 orc sorcerers (Orc:2)
  6 cyclopes
  6 elephants
  19 salamanders
  2 ice statues
  33 black mambas
  Maurice (D:8)
  An eye of devastation (Abyss:3)
  8 guardian serpents
  3 molten gargoyles (D:15)
  19 naga magi
  10 cane toads
  A guardian serpent (shapeshifter) (D:13)
  3 gargoyles
  An orange demon (D:11)
  A hellion (Abyss:3)
  6 komodo dragons
  2 anaconda simulacra (IceCv)
  4 rime drakes
  3 tengu conjurers
  A freezing wraith (D:15)
  A yaktaur (D:15)
  6 trolls
  A troll (shapeshifter) (D:14)
  A wolf spider simulacrum (D:15)
  8 blink frogs
  3 polar bears
  2 hornets (Gauntlet)
  13 slime creatures
  37 yaks
  2 shadows
  2 dire elephant simulacra (IceCv)
  Sigmund (D:3)
  2 humans (D:13)
  2 vampires (D:12)
  Eustachio (D:3)
  6 wyverns
  Grum (D:8)
  A golden eye (shapeshifter) (D:14)
  7 wraiths
  19 basilisks
  A death yak simulacrum (IceCv)
  2 wargs
  52 nagas
  A steam dragon (D:7)
  2 vampire mosquitoes (D:14)
  3 hydra simulacra (IceCv)
  5 acid dragons
  11 water moccasins
  Duvessa (D:7)
  5 black bears
  27 orc warriors
  A sky beast (D:6)
  2 ice beasts (D:6)
  17 wolves
  9 ogres
  13 centaurs
  2 phantoms
  2 kobold brigands
  3 lemures
  11 bullfrogs
  3 cane toad simulacra
  3 two-headed ogre simulacra (IceCv)
  3 gnoll sergeants
  A scorpion (D:6)
  8 wights (D:9)
  Dowan (D:7)
  4 killer bees
  An elephant simulacrum (IceCv)
  9 howler monkeys
  6 electric eels (D:13)
  6 hounds
  23 orc priests
  A gnoll bouda (D:9)
  A jelly (D:7)
  A sleepcap (D:8)
  An iguana (D:6)
  19 orc wizards
  8 spriggan simulacra (IceCv)
  Natasha (thrice) (D:4)
  6 polar bear simulacra
  8 troll simulacra
  7 wolf simulacra
  2 yak simulacra (Lair:3)
  21 gnolls
  8 naga simulacra
  6 adders
  2 river rats (D:4)
  7 white imps
  14 ufetubi
  4 dart slugs
  106 orcs
  6 endoplasms
  4 giant cockroaches
  11 hobgoblins
  3 jackals (D:1)
  13 kobolds
  5 quokkas
  2 training dummies (D:7)
  5 ball pythons
  6 bats
  4 frilled lizards
  6 goblins
  8 rats
  A river rat simulacrum (Lair:3)
962 creatures vanquished.

Vanquished Creatures (collateral kills)
  2 orcs (D:11)
2 creatures vanquished.

Vanquished Creatures (others)
  A necromancer (Lair:3)
  A guardian serpent (Snake:4)
  A molten gargoyle (D:15)
  A death yak simulacrum (D:12)
  A two-headed ogre simulacrum (D:12)
  An orc wizard (D:4)
  2 orcs (D:7)
8 creatures vanquished.

Grand Total: 972 creatures vanquished

Notes
Turn   | Place    | Note
-------+----------+-------------------------------------------
     0 | D:1      | Gladio the Demigod Gladiator began the quest for the Orb.
     0 | D:1      | Reached XP level 1. HP: 17/17 MP: 3/3
   123 | D:1      | Reached XP level 2. HP: 7/24 MP: 4/4
   798 | D:2      | Reached XP level 3. HP: 29/29 MP: 5/5
  1343 | D:2      | Reached XP level 4. HP: 37/37 MP: 6/6
  2163 | D:3      | Noticed Sigmund
  2198 | D:3      | Killed Sigmund
  2199 | D:3      | Reached skill level 1 in Armour
  2199 | D:3      | Reached XP level 5. HP: 23/45 MP: 7/7
  2449 | D:3      | Identified the +5 short sword "Mab Huuq" {protect, rPois
                  | rC- Int+3}
  2480 | D:4      | Noticed Eustachio
  2490 | D:3      | Reached XP level 6. HP: 45/51 MP: 8/8
  2670 | D:3      | Killed Eustachio
  2838 | D:4      | Reached skill level 5 in Long Blades
  3193 | D:4      | Identified the +1 scale mail of Hihee {Harm rCorr Str+6
                  | Dex-4}
  3332 | D:4      | Reached XP level 7. HP: 58/58 MP: 9/9
  3881 | D:4      | Noticed Natasha
  3886 | D:4      | Killed Natasha
  3887 | D:4      | Reached skill level 1 in Shields
  4111 | D:4      | Noticed Natasha
  4118 | D:4      | Killed Natasha
  4449 | D:4      | Noticed Natasha
  4454 | D:4      | Killed Natasha
  4468 | D:5      | Entered Level 5 of the Dungeon
  4810 | D:5      | Reached XP level 8. HP: 67/67 MP: 10/10
  4850 | D:5      | Reached skill level 5 in Dodging
  5971 | D:6      | Reached skill level 5 in Fighting
  6742 | D:7      | Identified the +6 scale mail of the Okapi {rN+ MP-9 Int+5}
  6892 | D:7      | Found a staircase to the Ecumenical Temple.
  6910 | D:7      | Reached XP level 9. HP: 74/74 MP: 2/11
  7017 | D:7      | Noticed Duvessa
  7018 | D:7      | Noticed Dowan
  7030 | D:7      | Killed Duvessa
  7045 | D:7      | Killed Dowan
  7622 | D:8      | Noticed Jeremiah
  7626 | D:8      | Noticed Pikel
  7909 | D:8      | Noticed Grum
  8018 | D:8      | Killed Pikel
  8044 | D:8      | Killed Grum
  9198 | D:9      | Noticed an elephant
  9227 | D:9      | Gained mutation: You occasionally lose the ability to read
                  | scrolls when taking damage. [potion of mutation]
  9232 | D:9      | Killed an elephant
  9233 | D:9      | Reached skill level 5 in Shields
  9246 | D:9      | Reached XP level 10. HP: 46/83 MP: 4/13
  9276 | D:9      | Noticed Maurice
  9565 | D:9      | Maurice stole a ring of protection from cold
  9598 | D:8      | Something stole the +5 short sword "Mab Huuq" {protect,
                  | rPois rC- Int+3}
  9599 | D:8      | Paralysed by something for 4 turns
  9601 | D:8      | Something stole 118 gold
  9607 | D:8      | Paralysed by something for 5 turns
  9614 | D:8      | Paralysed by something for 5 turns
  9627 | D:8      | Killed Maurice
  9822 | D:9      | Found a staircase to the Lair.
  9834 | D:9      | Reached skill level 10 in Long Blades
 10130 | D:9      | Noticed Gastronok
 10581 | D:10     | Entered Level 10 of the Dungeon
 10761 | D:10     | Noticed a two-headed ogre
 10771 | D:10     | Killed a two-headed ogre
 11207 | D:10     | Noticed Urug
 11220 | D:10     | Killed Urug
 11655 | IceCv    | Identified the "Vuynwiut"
 11655 | Lair:1   | Entered Level 1 of the Lair of Beasts
 11697 | Lair:1   | Reached XP level 11. HP: 93/93 MP: 5/14
 12077 | Lair:1   | Identified the +12 long sword "Mumewyxt" {freeze, +Blink
                  | rPois Int+3}
 12348 | Lair:2   | Found a staircase to the Swamp.
 12475 | Lair:2   | Noticed a death yak
 12475 | Lair:2   | Noticed a death yak
 12509 | Lair:2   | Killed a death yak
 12664 | Lair:2   | Noticed a death yak
 12664 | Lair:2   | Noticed a death yak
 12665 | Lair:2   | Noticed a death yak
 12701 | Lair:1   | Killed a death yak
 12714 | Lair:2   | Killed a death yak
 12721 | Lair:2   | Killed a death yak
 12736 | Lair:2   | Killed a death yak
 12969 | Lair:2   | Found a staircase to the Snake Pit.
 13465 | Lair:3   | Noticed a five-headed hydra
 13481 | Lair:3   | Killed a one-headed hydra
 13482 | Lair:3   | Reached XP level 12. HP: 97/104 MP: 6/15
 13717 | Lair:3   | Noticed a seven-headed hydra
 13727 | Lair:3   | Killed a three-headed hydra
 13866 | Lair:3   | Noticed a boulder beetle
 13868 | Lair:3   | Noticed Sonja
 13905 | Lair:3   | Killed Sonja
 13906 | Lair:3   | Reached skill level 10 in Dodging
 13914 | Lair:3   | Killed a boulder beetle
 14138 | Lair:3   | You fall into a shaft and drop 2 floors!
 14138 | Lair:5   | Entered Level 5 of the Lair of Beasts
 14153 | Lair:5   | Noticed an eight-headed hydra
 14163 | Lair:5   | Noticed an eight-headed hydra
 14498 | Lair:4   | Reached skill level 10 in Fighting
 14516 | Lair:4   | Found a staircase to the Slime Pits.
 14543 | Lair:4   | Found a gate leading to a gauntlet.
 14577 | Gauntlet | Entered a Gauntlet
 14577 | Gauntlet | Found a transporter.
 14577 | Gauntlet | Found a transporter.
 14593 | Gauntlet | Found a transporter.
 14597 | Gauntlet | Found a transporter.
 14607 | Gauntlet | Found a transporter.
 14611 | Gauntlet | Found a transporter.
 14613 | Gauntlet | Found a large runed translucent door.
 14614 | Gauntlet | Found a large runed translucent door.
 14615 | Gauntlet | Found a large runed translucent door.
 14615 | Gauntlet | Found a large runed translucent door.
 14615 | Gauntlet | Found a runed translucent door.
 14615 | Gauntlet | Found a runed translucent door.
 14616 | Gauntlet | Found a large runed translucent door.
 14617 | Gauntlet | Found a large runed translucent door.
 14618 | Gauntlet | Found a large runed translucent door.
 14618 | Gauntlet | Found a large runed translucent door.
 14619 | Gauntlet | Found a runed translucent gate.
 14619 | Gauntlet | Found a runed translucent gate.
 14619 | Gauntlet | Found a runed translucent gate.
 14621 | Gauntlet | Found a transporter.
 14621 | Gauntlet | Noticed a ghost crab
 14630 | Gauntlet | Found a large runed translucent door.
 14630 | Gauntlet | Found a large runed translucent door.
 14631 | Gauntlet | Found a large runed translucent door.
 14632 | Gauntlet | Found a large runed translucent door.
 14642 | Gauntlet | Found a transporter.
 14643 | Gauntlet | Found a large runed translucent door.
 14643 | Gauntlet | Found a large runed translucent door.
 14644 | Gauntlet | Found a large runed translucent door.
 14645 | Gauntlet | Found a large runed translucent door.
 14648 | Gauntlet | Found a transporter.
 14651 | Gauntlet | Found the +8 trishula "Condemnation" {holy, anguish, *Noise
                  | Fly rN+}
 14671 | Gauntlet | Found a transporter.
 14671 | Gauntlet | Found a transporter.
 14709 | Gauntlet | Found a transporter.
 14946 | Gauntlet | Killed a ghost crab
 14991 | Gauntlet | Identified the ring "Mithrick" {MP+9 Int+3}
 14991 | Gauntlet | Noticed a minotaur
 15004 | Gauntlet | Killed a minotaur
 16133 | Lair:5   | Reached XP level 13. HP: 114/114 MP: 7/16
 16293 | Lair:5   | Reached skill level 15 in Long Blades
 16889 | Lair:5   | Noticed a dire elephant
 16902 | Lair:5   | Killed a dire elephant
 17412 | D:11     | Noticed Erolcha
 17653 | D:11     | Noticed Amaemon
 17684 | D:11     | Killed Amaemon
 17892 | D:11     | Found a staircase to the Orcish Mines.
 18361 | D:11     | Killed Erolcha
 18631 | D:12     | Found a runed translucent gate.
 18631 | D:12     | Found a runed translucent gate.
 18631 | D:12     | Found a runed translucent gate.
 18632 | D:12     | Noticed Ecsu's ghost (journeyman TrFi)
 18779 | D:12     | Reached XP level 14. HP: 125/125 MP: 8/17
 18976 | D:12     | Found a frozen archway.
 19000 | IceCv    | Entered an ice cave
 19339 | IceCv    | Noticed a reaper
 19355 | IceCv    | Killed a reaper
 20471 | D:13     | Identified the +2 leather armour "Ryuteomy" {Int+2}
 21374 | D:13     | Found a gate to the Vaults.
 22416 | D:15     | Entered Level 15 of the Dungeon
 22712 | D:15     | Found a runed translucent gate.
 22712 | D:15     | Found a runed translucent gate.
 22712 | D:15     | Found a runed translucent gate.
 22715 | D:15     | Noticed Foiz Zao's ghost (journeyman DrMo)
 22716 | D:15     | Found Dequm's Assorted Antiques.
 22716 | D:15     | Found Etekkiad's Assorted Antiques.
 22798 | D:15     | Found a staircase to the Depths.
 22937 | D:15     | Reached XP level 15. HP: 133/136 MP: 9/18
 23017 | D:15     | Found Soiryng's Distillery.
 23045 | D:15     | Reached skill level 5 in Armour
 23095 | D:15     | Bought a potion of resistance for 140 gold pieces
 23095 | D:15     | Bought a potion of might for 56 gold pieces
 23095 | D:15     | Bought a potion of curing for 42 gold pieces
 23095 | D:15     | Bought a potion of heal wounds for 70 gold pieces
 23095 | D:15     | Bought a potion of berserk rage for 70 gold pieces
 23095 | D:15     | Bought a potion of haste for 140 gold pieces
 23095 | D:15     | Bought a potion of curing for 42 gold pieces
 23095 | D:15     | Bought a potion of heal wounds for 70 gold pieces
 23095 | D:15     | Bought 2 potions of haste for 280 gold pieces
 23223 | D:15     | Killed Foiz Zao's ghost
 23241 | D:15     | Reached skill level 5 in Throwing
 23264 | D:15     | Bought a scroll of fear for 92 gold pieces
 23264 | D:15     | Bought a cyan potion for 20 gold pieces
 23264 | D:15     | Bought a potion of might for 92 gold pieces
 23275 | D:15     | Bought a glowing black potion for 27 gold pieces
 23275 | D:15     | Bought a scroll of identify for 60 gold pieces
 23432 | Orc:1    | Entered Level 1 of the Orcish Mines
 23969 | Orc:2    | Entered Level 2 of the Orcish Mines
 24048 | Orc:2    | Identified the +0 kite shield of Donoli {Slay+2}
 24048 | Orc:2    | Noticed Donald
 24075 | Orc:1    | Killed Donald
 24111 | Orc:2    | Noticed Saint Roka
 24206 | Orc:1    | Killed Saint Roka
 24322 | Orc:2    | Found Lasi Sai's Antique Armour Boutique.
 24328 | Orc:2    | Found Ezxanar's General Store.
 24367 | Orc:2    | Found a staircase to the Elven Halls.
 24532 | Orc:2    | Bought a scroll of teleportation for 45 gold pieces
 24672 | Orc:2    | Found Bucauph's Antique Weapon Boutique.
 24706 | Orc:2    | Found Hiyseut's Book Boutique.
 24988 | Snake:1  | Identified the of Loskeec
 24988 | Snake:1  | Entered Level 1 of the Snake Pit
 24988 | Snake:1  | Found Reomed Bazu's Assorted Antiques.
 25133 | Snake:1  | Bought a potion of cancellation for 296 gold pieces
 25133 | Snake:1  | Bought a scroll of teleportation for 111 gold pieces
 25133 | Snake:1  | Bought a pair of runed gloves for 277 gold pieces
 25133 | Snake:1  | Bought a potion of might for 148 gold pieces
 25372 | Snake:1  | Noticed Aizul
 25382 | Snake:1  | Killed Aizul
 25543 | Snake:1  | Noticed Agnes
 25555 | Snake:1  | Killed Agnes
 25706 | Snake:1  | Noticed Josephine
 25715 | Snake:1  | Killed Josephine
 25717 | Snake:1  | Noticed Louise
 25719 | Abyss:3  | Cast into level 3 of the Abyss (Louise)
 25748 | Abyss:3  | Noticed an Executioner
 25753 | Abyss:3  | Noticed a revenant
 25756 | Abyss:3  | Killed an Executioner
 25765 | Abyss:3  | Killed a revenant
 25775 | Snake:1  | Escaped the Abyss
 25787 | Snake:1  | Killed Louise
 26203 | Snake:1  | Lost mutation: You occasionally lose the ability to read
                  | scrolls when taking damage. [potion of mutation]
 26203 | Snake:1  | Gained mutation: You do not regenerate when monsters are
                  | visible. [potion of mutation]
 26203 | Snake:1  | Gained mutation: You sometimes lose your temper in combat.
                  | [potion of mutation]
 26203 | Snake:1  | Gained mutation: Your spells are a little harder to cast,
                  | but a little more powerful. [potion of mutation]
 26203 | Snake:1  | Lost mutation: You sometimes lose your temper in combat.
                  | [potion of mutation]
 26204 | Snake:1  | Lost mutation: You do not regenerate when monsters are
                  | visible. [potion of mutation]
 26204 | Snake:1  | Lost mutation: Your spells are a little harder to cast, but
                  | a little more powerful. [potion of mutation]
 26204 | Snake:1  | Gained mutation: You are clumsy. (Dex -2) [potion of
                  | mutation]
 26204 | Snake:1  | Gained mutation: You are weak. (Str -2) [potion of
                  | mutation]
 26205 | Snake:1  | Lost mutation: You are weak. (Str -2) [potion of mutation]
 26205 | Snake:1  | Lost mutation: You are clumsy. (Dex -2) [potion of
                  | mutation]
 26205 | Snake:1  | Gained mutation: Your mind is acute. (Int +4, Str/Dex -1)
                  | [potion of mutation]
 26206 | Snake:1  | Lost mutation: Your mind is acute. (Int +4, Str/Dex -1)
                  | [potion of mutation]
 26206 | Snake:1  | Gained mutation: You sometimes lose your temper in combat.
                  | [potion of mutation]
 26311 | Snake:2  | Reached skill level 10 in Shields
 26473 | Snake:2  | Reached XP level 16. HP: 147/147 MP: 10/19
 26861 | Snake:2  | Reached skill level 15 in Fighting
 27317 | Snake:3  | Identified 2 scrolls of acquirement
 27527 | Snake:3  | Found Biwow's Magic Scroll Emporium.
 27536 | Snake:3  | Bought a scroll of fear for 72 gold pieces
 27536 | Snake:3  | Bought a scroll of butterflies for 72 gold pieces
 27536 | Snake:3  | Bought a scroll of identify for 36 gold pieces
 27536 | Snake:3  | Bought 3 scrolls of identify for 108 gold pieces
 27536 | Snake:3  | Bought a scroll of teleportation for 54 gold pieces
 27613 | Snake:3  | Found Liyczoidau's Jewellery Shop.
 27613 | Snake:3  | Found Filah's Book Shoppe.
 27614 | Snake:3  | Found Jostruipn's Jewellery Shop.
 28287 | Snake:4  | Entered Level 4 of the Snake Pit
 28388 | Snake:4  | Found Xicemope's Antique Weapon Shoppe.
 29204 | Snake:4  | Reached XP level 17. HP: 25/158 MP: 11/20
 29209 | Snake:4  | HP: 8/237 [nagaraja/bolt of poison (5)]
 29212 | Snake:4  | HP: 2/158 [poisoned by a nagaraja (bolt of poison)]
 29212 | Snake:4  | Mangled by an anaconda

Illustrated notes

Levels and vault maps discovered:
D:1:      dpeg_arrival_stone_temple_mockup, layout_rooms, serial_bayou_lake_a
D:2:      layout_loops_ring, dreamdust_ecumenical_altar_hidden_monk_grotto
D:3:      layout_basic, minitemple, kennysheep_big_empty_room, uniq_sigmund
D:4:      layout_basic, portal_sewer_entry_b, hangedman_glass_teeth,
          uniq_natasha, uniq_eustachio
D:5:      layout_basic, okawaru_ov_weapons_minmay,
          nicolae_wu_jian_immortal_techniques,
          nicolae_concentric_dashed_squares_mild
D:6:      layout_basic, marbit_many_paths
D:7:      dreamdust_elfheim, layout_cave_pools,
          minmay_temple_entry_gardened_gates
D:8:      layout_basic, grunt_ministairs_1, grunt_decor_one_mirror,
          nicolae_twisty_statue_hallways, uniq_grum, uniq_pikel, uniq_jeremiah
D:9:      layout_irregular_city, nicolae_uskayaw_murder_on_the_dancefloor,
          grunt_lair_entry_orc_guard_hut, uniq_gastronok, uniq_maurice
D:10:     layout_loops_ring, old_standard_altar, special_room
          [special_room_orc], uniq_urug
D:11:     layout_long_grid, david_orc_5, uniq_amaemon, uniq_erolcha
D:12:     layout_gridville, gammafunk_ghost_fury_of_okawaru,
          portal_ice_cave_entry_ice_simulacra, minmay_between
D:13:     layout_basic, hellmonk_vaults_keyhole
D:14:     kennysheep_blocky_hall, layout_long_grid, minmay_curled_crystal,
          kennysheep_generic_room_14
D:15:     hellmonk_depths_entry_around_the_bend, layout_basic, serial_shops,
          nicolae_shop_statue_plus, ebering_ghost_gozag, minivault_8
Lair:1:   layout_cave_shapes
Lair:2:   layout_misc_corridors, swamp_mist, guppyfry_snake_entry_garden,
          grunt_megastairs_1, infiniplex_staircase_pool_2
Lair:3:   layout_loops_ring, eino_house_with_fridge, uniq_sonja
Lair:4:   layout_loops_ring, dpeg_slime_entry_enclosed, gauntlet_entry_generic,
          serial_bayou_shore_b
Lair:5:   grunt_lair_end_beastmaster, layout_layer_cave, basic_altar,
          kennysheep_basilisk_garden, serial_bayou_shore_b
Snake:1:  layout_layer_cave, serial_shops, shop, st_stairs_5,
          grunt_megastairs_5, uniq_louise, uniq_aizul, uniq_agnes,
          uniq_josephine
Snake:2:  layout_gridlike, drop_trap, grunt_ministairs_8
Snake:3:  layout_chambers, serial_shops, nicolae_shop_tiny_statue_garden,
          minmay_shop_grove
Snake:4:  grunt_snake_rune_serpentine_throne, layout_cave_town, serial_shops,
          nicolae_shop_tiny_statue_garden, st_stairs_7,
          nicolae_fountain_basement
Orc:1:    layout_caves
Orc:2:    grunt_orc_cross, layout_caves, basic_altar, uniq_donald

Skill      XL: |  1  2  3  4  5  6  7  8  9 10 11 12 13 14 15 16 |
---------------+-------------------------------------------------+-----
Fighting       | 2 3 4 5 6 7 9 10 11 13 14 16 | 16.0
Long Blades    | 3 4 5 6 7 9 11 12 14 16 | 16.0
Dodging        | 3 4 5 6 8 9 10 12 13 14 | 14.5
Armour         | 1 2 4 6 8 |  8.3
Shields        | 2 3 5 7 10 12 | 12.0
Throwing       | 4 6 8 |  8.2

Action                     |  1- 3 |  4- 6 |  7- 9 | 10-12 | 13-15 | 16-18 || total
---------------------------+-------+-------+-------+-------+-------+-------++-------
  Melee: Long sword        |   133 |   184 |   537 |   299 |       |       ||  1153
         Short sword       |       |    12 |       |       |       |       ||    12
         Punch             |       |     1 |       |       |       |       ||     1
         Unarmed           |       |       |     8 |       |       |       ||     8
         Double sword      |       |       |       |   415 |  1208 |   382 ||  2005
  Throw: Javelin           |       |     1 |       |       |    18 |       ||    19
  Evoke: Wand              |       |       |     2 |     4 |       |       ||     6
         Box of beasts     |       |       |       |       |     1 |       ||     1
    Use: Scroll            |     4 |     3 |     1 |    22 |    11 |     5 ||    46
         Potion            |       |     1 |     2 |     2 |    12 |     2 ||    19
   Stab: Paralysed         |       |       |       |     7 |       |       ||     7
         Petrified         |       |       |       |       |     5 |       ||     5
         Distracted        |       |       |       |       |     2 |     1 ||     3
         Petrifying        |       |       |       |       |     1 |       ||     1
         Sleeping          |       |       |       |       |     7 |     3 ||    10
 Armour: Leather armour    |    69 |       |       |       |       |       ||    69
         Ring mail         |    23 |   148 |   128 |       |       |       ||   299
         Scale mail        |       |       |   125 |   283 |   410 |   101 ||   919
         Skin              |       |       |     7 |       |       |       ||     7
  Dodge: Dodged            |   108 |   155 |   478 |   654 |  1177 |   366 ||  2938
  Block: Buckler           |       |    21 |   306 |   284 |   470 |       ||  1081
         Kite shield       |       |       |       |       |   278 |   430 ||   708
         Reflection        |       |       |       |       |       |     4 ||     4

Table legend: (Time is in decaauts)
 A = Elapsed time spent in this place.
 B = Non-inter-level travel time spent in this place.
 C = Inter-level travel time spent in this place.
 D = Time resting spent in this place.
 E = Time spent auto-exploring this place.
 F = Levels seen in this place.
 G = Mean time per level.
                   A        B        C        D        E       F      G
               +--------+--------+--------+--------+--------+-----+--------+
         Total |  29154 |  26893 |   2261 |    233 |  20133 |  29 | 1005.3 |
       Dungeon |  16991 |  15349 |   1642 |     83 |  11864 |  15 | 1132.7 |
          Lair |   5361 |   5027 |    334 |      4 |   3956 |   5 | 1072.2 |
     Snake Pit |   4072 |   3859 |    213 |    146 |   2686 |   4 | 1018.0 |
  Orcish Mines |   1353 |   1282 |     71 |      0 |    939 |   2 |  676.5 |
         Abyss |     46 |     46 |      0 |      0 |      7 |   1 |   46.0 |
      Ice Cave |    878 |    878 |      0 |      0 |    500 |   1 |  878.0 |
      Gauntlet |    451 |    451 |      0 |      0 |    179 |   1 |  451.0 |
               +--------+--------+--------+--------+--------+-----+--------+

Top non-repeatable levels by time:
     D:7: 1826 daAuts
     D:4: 1694 daAuts
  Lair:5: 1474 daAuts
  Lair:3: 1365 daAuts
 Snake:3: 1337 daAuts
    D:13: 1244 daAuts
     D:6: 1241 daAuts
     D:9: 1231 daAuts
    D:10: 1203 daAuts
     D:3: 1134 daAuts
    D:11: 1125 daAuts
     D:8: 1107 daAuts
 Snake:1: 1102 daAuts
  Lair:2: 1028 daAuts
     D:2: 1008 daAuts
